 Dungeon Crawl Stone Soup version 0.23.2-40-g277498a (webtiles) character file.

Game seed: 9218966093103822463

85 CrazyJ the Stinger (level 4, 0/35 HPs)
             Began as a Draconian Venom Mage on Sept 9, 2019.
             Slain by Kajir's ghost (18 damage)
             ... on level 3 of the Dungeon.
             The game lasted 00:10:39 (2529 turns).

CrazyJ the Stinger (Draconian Venom Mage)           Turns: 2529, Time: 00:10:39

Health: 0/35       AC:  5    Str: 10    XL:     4   Next: 25%
Magic:  7/7        EV: 12    Int: 16    God:
Gold:   123        SH:  0    Dex: 12    Spells: 2/8 levels left

rFire    . . .     SeeInvis .   n - +0 flail
rCold    . . .     Gourm    .   (no shield)
rNeg     . . .     Faith    .   (armour unavailable)
rPois    .         Spirit   .   (helmet restricted)
rElec    .         Reflect  .   (no cloak)
rCorr    .         Harm     .   (no gloves)
MR       .....                  (no boots)
Stlth    ++........             (no amulet)
HPRegen  0.11/turn              (no ring)
MPRegen  0.10/turn              (no ring)

@: no status effects
A: unfitting armour, cold-blooded, AC +5
a: no special abilities


You were on level 3 of the Dungeon.
You were not hungry.

You visited 1 branch of the dungeon, and saw 3 of its levels.

You collected 123 gold pieces.

Inventory:

Hand Weapons
 a - a +0 whip
 n - a +0 flail (weapon)
Missiles
 c - 126 stones (quivered)
 j - 26 poisoned needles
 k - 52 arrows
Scrolls
 d - 2 scrolls of identify
 e - a scroll of remove curse
 h - a scroll of magic mapping {unknown}
 i - a scroll of amnesia {unknown}
Potions
 f - a potion of degeneration
 m - a potion of berserk rage {unknown}
Comestibles
 b - 3 rations
 g - 2 chunks of flesh


   Skills:
 + Level 1.2 Fighting
 + Level 0.0 Maces & Flails
 + Level 2.3 Dodging
 - Level 1.7 Stealth
 * Level 2.5 Spellcasting
 + Level 2.0 Conjurations
 + Level 0.3 Air Magic
 * Level 3.6 Poison Magic


You had 2 spell levels left.
You knew the following spells:

 Your Spells              Type           Power        Failure   Level  Hunger
a - Sting                 Conj/Pois      ##..         6%          1    #......
b - Poisonous Vapours     Pois/Air       #.....       13%         2    ##.....
c - Mephitic Cloud        Conj/Pois/Air  #.......     26%         3    ###....

Your spell library contained the following spells:

 Spells                   Type           Power        Failure   Level  Hunger
 Olgreb's Toxic Radiance  Pois           ##......     41%         4    #####..
 Venom Bolt               Conj/Pois      ##........   86%         5    ######.


Dungeon Overview and Level Annotations

Branches:
Dungeon (3/15)

Altars:
Cheibriados

Annotations:
D:3 Kajir's ghost, amateur TrMo


Innate Abilities, Weirdness & Mutations

Your plain brown scales are hard. (AC +5)
You cannot fit into any form of body armour.
You are cold-blooded and may be slowed by cold attacks.


Message History

The killer bee zombie hits you but does no damage.
You barely miss Kajir's ghost.
Kajir's ghost hits you but does no damage.
The leopard gecko skeleton closely misses you.
You hit Kajir's ghost but do no damage. Kajir's ghost hits you!
The leopard gecko skeleton closely misses you.
The leopard gecko skeleton closely misses you.
Kajir's ghost closely misses you.
As you read the scroll labeled ZIRUG INNOXINU, it crumbles to dust.
The creatures around you are filled with an inner flame!
It was a scroll of immolation.
Kajir's ghost closely misses you. The leopard gecko skeleton bites you.
The leopard gecko skeleton bites you but does no damage.
Okay, then.
You see here a scroll labeled FAETOU CENO.
h - a scroll labeled FAETOU CENO The leopard gecko skeleton barely misses you.
Kajir's ghost hits you!!
Ouch! That really hurt!
You die...

#.##.#...........#.
#.##.#.....Z.....#.
#..#.#..###.###..#.
##.#.#..#8#.#8#..#.
#...#..........(#.
#..©#Z....©....?#©
##..#ZMZ/.......#.
##.#WZ#8#.#8#..#.
#.#.@###.###..#.
#.#......... .#.
#.#......... #.
#.##########
#...........
############


You could see a mummy, Kajir's ghost (inner flame), a worker ant zombie (inner
flame), a killer bee zombie, a leopard gecko skeleton (inner flame) and a hound
skeleton (inner flame).

Vanquished Creatures
  3 adders
  An ooze (D:2)
  2 worms (D:2)
  A leopard gecko (D:1)
  3 orcs (D:3)
  3 giant cockroaches
  8 goblins
  5 hobgoblins
  A quokka (D:2)
  A ball python (D:1)
  4 bats
  6 frilled lizards
  3 kobolds
  3 rats (D:1)
44 creatures vanquished.

Notes
Turn   | Place    | Note
-------+----------+-------------------------------------------
     0 | D:1      | CrazyJ the Draconian Venom Mage began the quest for the
                  | Orb.
     0 | D:1      | Reached XP level 1. HP: 14/14 MP: 3/3
   235 | D:1      | Reached XP level 2. HP: 13/22 MP: 5/5
   405 | D:1      | Learned a level 2 spell: Poisonous Vapours
  1069 | D:2      | Reached skill level 1 in Fighting
  1186 | D:2      | Reached XP level 3. HP: 27/28 MP: 6/6
  1197 | D:2      | Learned a level 3 spell: Mephitic Cloud
  2157 | D:3      | Reached XP level 4. HP: 35/35 MP: 4/7
  2190 | D:3      | HP: 1/35 [orc wizard/+0 dagger (3)]
  2384 | D:3      | Found a snail-covered altar of Cheibriados.
  2497 | D:3      | Found a transporter.
  2497 | D:3      | Noticed Kajir's ghost (amateur TrMo)
  2529 | D:3      | Slain by Kajir's ghost

Skill      XL: |  1  2  3  4 |
---------------+-------------+-----
Dodging        | 2 |  2.3
Fighting       | 1 |  1.2
Conjurations   | 2 |  2.0
Stealth        | |  1.7
Spellcasting   | |  2.5
Air Magic      | |  0.3
Poison Magic   | |  3.6

Action                   |  1- 3 |  4- 6 || total
-------------------------+-------+-------++-------
Melee: Whip              |   149 |     5 ||   154
       Tailslap          |    17 |     2 ||    19
       Flail             |       |    21 ||    21
 Cast: Sting             |    13 |     7 ||    20
  Use: Scroll            |       |     4 ||     4
       Potion            |       |     2 ||     2
 Stab: Sleeping          |     1 |       ||     1
  Eat: Chunk             |     3 |       ||     3
       Ration            |     1 |       ||     1
Armor: Skin              |    33 |     9 ||    42
Dodge: Dodged            |   100 |    27 ||   127
